 Dungeon Crawl Stone Soup version 0.24.0-13-gcf9b3192b9 (webtiles) character file.

Game seed: 7154428134798010482, levelgen mode: deterministic

499 Esekla the Magician (level 6, -2/50 HPs)
             Began as a Deep Dwarf Wizard on Nov 7, 2019.
             Killed by divine providence
             ... invoked by an orc priest
              (10 damage)
             ... on level 4 of the Dungeon.
             The game lasted 00:53:34 (5212 turns).

Esekla the Magician (Deep Dwarf Wizard)             Turns: 5212, Time: 00:53:34

Health: -2/50      AC:  4    Str: 10    XL:     6   Next: 94%
Magic:  6/12       EV: 12    Int: 21    God:
Gold:   140        SH:  0    Dex: 11    Spells: 4/13 levels left

rFire    . . .     SeeInvis .   t - +1 spear
rCold    . . .     Gourm    .   (no shield)
rNeg     . . .     Faith    .   a - +0 robe
rPois    .         Spirit   .   u - +1 helmet
rElec    .         Reflect  .   w - scarf {repulsion}
rCorr    .         Harm     .   (no gloves)
MR       .....                  (no boots)
Stlth    +.........             (no amulet)
HPRegen  0.00/turn              l - ring of attention (curse)
MPRegen  0.13/turn              (no ring)

@: non-regenerating, repel missiles
A: damage resistance, heal wounds, sense surroundings 1, no regeneration
a: Heal Wounds


You were on level 4 of the Dungeon.
You were hungry.

You visited 2 branches of the dungeon, and saw 5 of its levels.

You collected 140 gold pieces.

Inventory:

Hand Weapons
 e - a +0 long sword
 n - a cursed -1 hand axe
 r - a +2 dagger of speed
 s - a +0 short sword
 t - a +1 spear (weapon)
Missiles
 g - 8 silver boomerangs
 p - 4 poisoned darts (quivered)
Armour
 a - a +0 robe (worn)
 b - a +0 hat
 m - a +0 cloak
 u - a +1 helmet (worn)
 w - a scarf of repulsion (worn)
Jewellery
 c - an uncursed amulet of guardian spirit
 l - a cursed ring of attention (left hand)
Wands
 h - a wand of flame (19)
Scrolls
 q - 2 scrolls of enchant weapon
Potions
 i - 4 potions of flight
 j - a potion of curing {unknown}
 k - a potion of lignification
 o - a potion of magic
 v - 4 potions of brilliance
 x - a potion of might {unknown}
Comestibles
 d - 14 rations
 f - 3 chunks of flesh


   Skills:
 + Level 0.7 Fighting
 + Level 2.2 Polearms
 + Level 2.5 Dodging
 - Level 2.4 Stealth
 * Level 4.4 Spellcasting
 * Level 3.2 Conjurations
   Level 0.8 Summonings
 * Level 2.5 Translocations
 * Level 1.4 Fire Magic
 + Level 0.1 Poison Magic


You had 4 spell levels left.
You knew the following spells:

 Your Spells              Type           Power        Failure   Level  Hunger
a - Magic Dart            Conj           ###.         3%          1    None
b - Blink                 Tloc           N/A          6%          2    #......
c - Mephitic Cloud        Conj/Pois/Air  #.......     22%         3    ##.....
f - Conjure Flame         Conj/Fire      ##......     13%         3    ##.....

Your spell library contained the following spells:

 Spells                   Type           Power        Failure   Level  Hunger
 Call Imp                 Summ           #.......     12%         2    #......
 Slow                     Hex            #.......     17%         2    #......


Dungeon Overview and Level Annotations

Branches:
Dungeon (4/15)             Temple (1/1) D:4

Altars:
Cheibriados
Dithmenos
Fedhas
Gozag
Makhleb
Nemelex Xobeh
Qazlal
Sif Muna
Trog
Vehumet
Wu Jian
Xom
Yredelemnul
Zin
The Shining One


Innate Abilities, Weirdness & Mutations

You are resistant to damage.
You can heal yourself by infusing magical energy.
You passively map a small area around you.
You do not regenerate.


Message History

You see here a stone.
Casting: Mephitic Cloud (safe; 22% risk of failure)
Confirm with . or Enter, or press ? or * to list all spells.
Aiming: Magic Dart (safe; 3% risk of failure)
Press: ? - help, Shift-Dir - straight line, f - orc
Aim: an orc, wielding a +0 morningstar The magic dart hits the orc.
The orc is heavily wounded.
The orc throws a stone.
The stone barely misses you.
Casting: Magic Dart (safe; 3% risk of failure)
Confirm with . or Enter, or press ? or * to list all spells.
Aiming: Magic Dart (safe; 3% risk of failure)
Press: ? - help, Shift-Dir - straight line, f/p - orc
Aim: an orc, wielding a +0 morningstar (heavily wounded)
The magic dart hits the orc.
You kill the orc!
You hear a splash. x2
The orc priest calls down the wrath of Beogh upon you.
Beogh smites you!
You die...

##'###.. , , #.
.#......########## * ##.
.#......'........# #..
.'......#........# #..
#......#........# #..
#......######'### #######.
#........)......# ##....##.
.'.#..#...)......# #.....##.
#..#≈..).)...@# #........ ,
##..#≈≈........# #........
,*#..##≈≈........# #........ ,
#..#≈≈≈o######## ########.
#..#≈≈≈≈..(....# #......#.
#..#≈≈≈≈......#########......##
#..##≈≈.......o#)....(#(.....#.
,##..#≈≈.............§o....(..#.
,,#..##≈........#######.####..#.


You could see an orc priest.

Vanquished Creatures
  An orc warrior (D:4)
  A big kobold (D:4)
  An orc priest (D:3)
  3 orc wizards
  A centaur skeleton (D:2)
  A worker ant (D:4)
  A hound skeleton (D:4)
  4 adders
  3 oozes
  3 worms
  2 leopard geckos (D:2)
  15 orcs
  2 giant cockroaches
  A goblin (D:1)
  10 hobgoblins
  3 jackals
  18 kobolds
  A quokka (D:3)
  A ball python (D:4)
  8 bats
  6 frilled lizards
  5 rats
91 creatures vanquished.

Notes
Turn   | Place    | Note
-------+----------+-------------------------------------------
     0 | D:1      | Esekla the Deep Dwarf Wizard began the quest for the Orb.
     0 | D:1      | Reached XP level 1. HP: 15/15 MP: 4/4
   209 | D:1      | Reached skill level 1 in Conjurations
   864 | D:1      | Reached skill level 3 in Spellcasting
   908 | D:2      | Found a radiant altar of Vehumet.
   914 | D:2      | Reached XP level 2. HP: 20/22 MP: 0/6
  1103 | D:2      | Learned a level 2 spell: Blink
  1316 | D:2      | Reached XP level 3. HP: 22/28 MP: 5/8
  1321 | D:2      | Learned a level 3 spell: Conjure Flame
  1325 | D:2      | Learned a level 3 spell: Mephitic Cloud
  1619 | D:2      | Found a glowing silver altar of Zin.
  1894 | D:1      | Reached XP level 4. HP: 27/36 MP: 5/9
  3135 | D:3      | Reached XP level 5. HP: 23/43 MP: 3/10
  3264 | D:2      | Reached skill level 1 in Polearms
  3477 | D:4      | Reached skill level 4 in Spellcasting
  3477 | D:4      | Reached skill level 1 in Fire Magic
  3501 | D:4      | Found a staircase to the Ecumenical Temple.
  3536 | D:4      | Reached XP level 6. HP: 18/50 MP: 4/12
  3569 | Temple   | Entered the Ecumenical Temple
  3743 | D:3      | Found a faded altar of an unknown god.
  3910 | D:4      | Noticed an orc warrior
  4672 | D:3      | Found a shimmering blue altar of Sif Muna.
  5163 | D:4      | Killed an orc warrior
  5212 | D:4      | Killed from afar by an orc priest

Levels and vault maps discovered:
D:1:      noname_arrival_rooms_in_the_neighbourhood, layout_basic,
          nrook_loot_triangle
D:2:      layout_loops_corners, lemuel_round_altar, vehumet_crystals
D:3:      layout_basic, lemuel_blue_sif_altar,
          chequers_ecumenical_altar_simple_redux
D:4:      cheibrodos_thug_alley, layout_gridville,
          ashenzari_conservatory_becter, old_standard_altar,
          minmay_temple_entry_trees, first_ration, nrook_campfire,
          guppyfry_early_orc_mine
Temple:   minmay_temple_bridge_abc

Skill      XL: |  1  2  3  4  5  6 |
---------------+-------------------+-----
Conjurations   | 1 2 3 |  3.2
Spellcasting   | 3 4 |  4.4
Polearms       | 1 2 |  2.2
Fire Magic     | 1 |  1.4
Translocations | 2 |  2.5
Fighting       | |  0.7
Dodging        | |  2.5
Stealth        | |  2.4
Summonings     | |  0.8
Poison Magic   | |  0.1

Action                   |  1- 3 |  4- 6 || total
-------------------------+-------+-------++-------
Melee: Short sword       |     9 |       ||     9
       Spear             |    37 |   334 ||   371
       Dagger            |     1 |       ||     1
Throw: Boomerang         |       |     1 ||     1
       Dart              |       |    11 ||    11
 Cast: Magic Dart        |    34 |    42 ||    76
       Conjure Flame     |     4 |    28 ||    32
       Blink             |     1 |     7 ||     8
       Mephitic Cloud    |       |     7 ||     7
 Abil: Heal Wounds       |       |     1 ||     1
  Use: Scroll            |     4 |     6 ||    10
       Potion            |       |     2 ||     2
 Stab: Sleeping          |     3 |     1 ||     4
       Confused          |       |     6 ||     6
  Eat: Chunk             |     3 |    14 ||    17
Armor: Robe              |     5 |    17 ||    22
Dodge: Dodged            |    30 |    60 ||    90
       Deflected         |       |     2 ||     2
